 Dungeon Crawl Stone Soup version 0.32-a0-126-g9fbf7fb75a (webtiles) character file.

Game seed: 1467343336181770285

8891 Essalna the Nimble (level 11, -6/66 HPs)
             Began as a Deep Elf Air Elementalist on Feb 7, 2024.
             Was a Priest of Vehumet.
             Mangled by a black mamba (14 damage)
             ... on level 1 of the Lair of Beasts.
             The game lasted 00:25:16 (12205 turns).

Essalna the Nimble (Deep Elf Air Elementalist)     Turns: 12205, Time: 00:25:17

Health: -6/66      AC:  5    Str:  5    XL:     11   Next: 15%
Magic:  9/29       EV: 16    Int: 31    God:    Vehumet [***...]
Gold:   431        SH:  5    Dex: 15    Spells: 12/20 levels left

rFire   + . .        F - staff of conjuration
rCold   + . .        (no shield)
rNeg    . . .        P - +0 troll leather armour
rPois   .            h - +2 hat
rElec   .            v - scarf {rC+ rF+}
rCorr   .            (no gloves)
SInv    .            (no boots)
Will    +....        N - amulet of reflection
Stlth   ++           r - ring of magical power
HPRegen 1.11/turn    E - +6 ring of intelligence
MPRegen 0.21/turn

%: reflection
@: no status effects
A: no striking features
a: Renounce Religion


You were on level 1 of the Lair of Beasts.
You worshipped Vehumet.
Vehumet was most pleased with you.
You visited 3 branches of the dungeon, and saw 12 of its levels.
You also visited: Sewer and Ossuary.

You collected 431 gold pieces.

Inventory:

Armour
 a - a +1 robe
 h - a +2 hat (worn)
 k - a +0 ring mail of cold resistance
 v - a scarf of resistance (worn)
 G - +0 steam dragon scales
 K - a +0 robe of willpower
 P - a +0 troll leather armour (worn)
 R - an orb of energy
Magical Staves
 c - a staff of fire
 j - a staff of air
 F - a staff of conjuration (weapon)
Jewellery
 r - a ring of magical power (left hand)
 E - a +6 ring of intelligence (right hand)
 I - a ring of protection from cold
 N - an amulet of reflection (around neck)
Wands
 p - a wand of paralysis (5)
 w - a wand of polymorph (22)
 H - a wand of mindburst (4)
 L - a wand of iceblast (17)
 M - a wand of flame (21)
 S - a wand of light (1)
Scrolls
 d - 3 scrolls of immolation
 f - 8 scrolls of identify
 g - 3 scrolls of enchant armour
 u - 4 scrolls of amnesia
 x - 3 scrolls of vulnerability
 y - 2 scrolls of torment
 z - a scroll of poison {unknown}
 B - a scroll of revelation {unknown}
 D - 3 scrolls of fog {unknown}
 J - 3 scrolls of teleportation
 O - 2 scrolls of enchant weapon {unknown}
 Q - a scroll of noise {unknown}
Potions
 b - 4 potions of magic
 e - 3 potions of enlightenment {unknown}
 i - 2 potions of mutation
 l - 5 potions of curing
 m - 2 potions of degeneration {unknown}
 n - 2 potions of lignification {unknown}
 o - 2 potions of berserk rage {unknown}
 q - 3 potions of heal wounds {unknown}
 s - 2 potions of attraction {unknown}
 t - 2 potions of haste {unknown}
 A - 3 potions of brilliance {unknown}
 C - a potion of invisibility {unknown}


   Skills:
 + Level 6.8 Fighting
 + Level 6.8 Armour
 + Level 10.2 Dodging
 - Level 2.4 Stealth
 - Level 5.0 Spellcasting
 - Level 4.0 Conjurations
 + Level 2.7 Fire Magic
 - Level 10.0 Air Magic


You had 12 spell levels left.
You knew the following spells:

 Your Spells              Type           Power      Damage    Failure   Level
a - Shock                 Conj/Air       100%       1d9       1%          1
b - Swiftness             Air            63%        N/A       1%          3
c - Airstrike             Air            31%        2d(5-21)  1%          4

Your spell library contained the following spells:

 Spells                   Type           Power      Damage    Failure   Level
 Inner Flame              Hex/Fire       16%        N/A       4%          3
 Kiss of Death            Conj/Necr      100%       2d13      1%          1
 Scorch                   Fire           48%        2d7       1%          2
 Static Discharge         Conj/Air       100%       3-8/arc   1%          2
 Freeze                   Ice            28%        1d5       2%          1
 Hailstorm                Conj/Ice       30%        3d8       3%          3
 Flame Wave               Conj/Fire      42%        2d11      5%          4
 Frozen Ramparts          Ice            14%        1d3       7%          3
 Vhi's Electric Charge    Tloc/Air       76%        N/A       11%         4
 Confusing Touch          Hex            7%         N/A       24%         3
 Dispel Undead            Necr           7%         3d8       63%         4
 Leda's Liquefaction      Alch/Erth      3%         N/A       63%         4
 Petrify                  Alch/Erth      7%         N/A       63%         4
 Metabolic Englaciation   Hex/Ice        3%         N/A       92%         5
 Sculpt Simulacrum        Ice/Alch       3%         N/A       100%        6
 Summon Cactus Giant      Summ           3%         N/A       100%        6
 Polar Vortex             Ice            3%         N/A       100%        9


Dungeon Overview and Level Annotations

Branches:
Dungeon (9/15)             Temple (1/1) D:5            Lair (2/5) D:9
 Shoals (0/4) Lair:2        Sewer (visited)         Ossuary (visited)
  Snake: Lair:2-3    Spider: Lair:2-3       Orc: D:9-12

Altars:
Ashenzari
Cheibriados
Dithmenos
Elyvilon
Fedhas
Gozag
Hepliaklqana
Kikubaaqudgha
Makhleb
Okawaru
Qazlal
Ru
Sif Muna
Trog
Uskayaw
Vehumet
Wu Jian
Xom
Yredelemnul
Zin
The Shining One

Shops:
D:5 =

Annotations:
D:5 1 transporter, Zigma's ghost, novice OpMo


Message History

Aim: a bullfrog (severely wounded, 67% to hit)
You feel a surge of power!
The zap hits the bullfrog.
The bullfrog is severely wounded.
You feel very sick. The black mamba bites you!
The black mamba completely misses you. The bullfrog hits you.
* * * LOW HITPOINT WARNING * * *
Casting: Shock (safe; 1% risk of failure)
Confirm with . or Enter, or press ? or * to list all spells.
Aiming: Shock (safe; 1% risk of failure)
Press: ? - help, Shift-Dir - straight line, f/p - bullfrog
Aim: a bullfrog (severely wounded, 67% to hit)
You feel a surge of power!
The zap hits the bullfrog.
The bullfrog is almost dead.
You feel sick. The black mamba closely misses you.
The bullfrog closely misses you. The black mamba bites you.
* * * LOW HITPOINT WARNING * * *
You block the bullfrog's attack.
Casting: Shock (safe; 1% risk of failure)
Confirm with . or Enter, or press ? or * to list all spells.
Aiming: Shock (safe; 1% risk of failure)
Press: ? - help, Shift-Dir - straight line, f/p - bullfrog
Aim: a bullfrog (almost dead, 67% to hit)
Okay, then.
Unknown command.
It was a potion of curing.
You feel better. You block the black mamba's attack.
The bullfrog closely misses you. The black mamba bites you!
* * * LOW HITPOINT WARNING * * *
Casting: Shock (safe; 1% risk of failure)
Confirm with . or Enter, or press ? or * to list all spells.
You don't know that spell.
Unknown command.
Unknown command.
Unknown command.
Unknown command.
You feel better. The bullfrog hits you.
* * * LOW HITPOINT WARNING * * *
The black mamba barely misses you. The bullfrog barely misses you.
The black mamba bites you!
You die...

............. .#...#
#### #......#
....###P.###.##...#
....##.......#.....
#...##.......##...#
#...##.......##...#
#...##.......##...#
+SF.###.#..####...#
#.@.######..###...#
#..................
#..........b.......
..............[....
.....)..............
.....................
.............b........
#.###....###.###....รท..
... ###.####......


You could see a black mamba and a bullfrog.

Vanquished Creatures
  Pikel (D:5)
  An oklob plant (Lair:1)
  A black mamba (Lair:1)
  Joseph (D:7)
  Maggie (D:7)
  3 cane toads (Lair:1)
  A rime drake (D:9)
  Jeremiah (Lair:1)
  A komodo dragon (Lair:1)
  A kobold demonologist (D:9)
  A troll (D:9)
  A wyvern (D:9)
  2 humans (D:9)
  A steam dragon (D:6)
  A water moccasin (D:6)
  4 ice beasts
  A sky beast (D:7)
  An orc warrior (D:9)
  A wolf (D:9)
  2 ogres
  4 centaurs
  3 lemures (D:5)
  5 kobold brigands
  A weeping skull (D:9)
  A brain worm (Sewer)
  3 bullfrogs (D:8)
  6 scorpions
  14 wights
  3 howler monkeys
  3 hounds (D:5)
  2 human zombies (Ossuary)
  4 centaur zombies
  4 bombardier beetles
  2 gnoll boudas
  2 jellies
  Crazy Yiuf (D:5)
  An orc priest (D:5)
  3 iguanas (D:4)
  A sleepcap (D:7)
  7 scorpion zombies (Ossuary)
  6 orc wizards
  2 killer bee zombies (D:8)
  An ogre zombie (D:8)
  4 mummies
  12 adders
  8 gnolls
  2 river rats (Sewer)
  A shadow imp (D:7)
  A white imp (D:6)
  2 ufetubi (D:6)
  An adder zombie (Ossuary)
  7 ribbon worms
  24 orcs
  10 ball pythons
  6 bats
  5 endoplasms
  3 giant cockroaches
  5 goblins
  A hobgoblin (D:1)
  4 quokkas
  2 ball python zombies (Ossuary)
  A frilled lizard (D:2)
  2 jackal zombies (Ossuary)
  28 kobolds
  3 orc zombies (Ossuary)
  8 rats
  A spectral orc (D:9)
247 creatures vanquished.

Notes
Turn   | Place    | Note
-------+----------+-------------------------------------------
     0 | D:1      | Essalna the Deep Elf Air Elementalist began the quest for
                  | the Orb.
     0 | D:1      | Reached XP level 1. HP: 10/10 MP: 6/6
   184 | D:1      | Reached XP level 2. HP: 15/15 MP: 2/8
   889 | D:2      | Reached XP level 3. HP: 19/19 MP: 5/10
   946 | D:2      | Found a faded altar of an unknown god.
  1485 | D:3      | Reached XP level 4. HP: 24/24 MP: 4/12
  1571 | D:3      | Found a glowing drain.
  1590 | Sewer    | Entered a sewer
  1905 | Sewer    | Noticed a brain worm
  1909 | Sewer    | Killed a brain worm
  1910 | Sewer    | Reached XP level 5. HP: 28/28 MP: 9/14
  2053 | Sewer    | Reached skill level 5 in Spellcasting
  2245 | Sewer    | Reached XP level 6. HP: 29/33 MP: 10/15
  2410 | Sewer    | Reached skill level 1 in Fighting
  3035 | D:4      | Reached skill level 5 in Air Magic
  3164 | D:4      | Reached skill level 1 in Armour
  3529 | D:4      | Learned a level 3 spell: Swiftness
  3534 | D:4      | Learned a level 4 spell: Airstrike
  3800 | D:4      | Found a hide-covered altar of Uskayaw.
  3813 | D:4      | Identified the +1 whip of the Tundras {heavy, rCorr Str+3
                  | Int-3}
  4017 | D:5      | Entered Level 5 of the Dungeon
  4137 | D:5      | Reached XP level 7. HP: 39/39 MP: 16/16
  4137 | D:5      | Found a transporter.
  4138 | D:5      | Noticed Zigma's ghost (novice OpMo)
  4140 | D:5      | Identified the +9 dire flail of Conflict {flame, *Corrode
                  | Str+7 Int+4 SInv}
  4149 | D:5      | Noticed Pikel
  4412 | D:5      | Found Unicedom's Jewellery Emporium.
  4589 | D:5      | Found a broken altar of Ashenzari.
  4798 | D:5      | Killed Pikel
  4799 | D:5      | Reached skill level 5 in Dodging
  4799 | D:5      | Reached XP level 8. HP: 34/46 MP: 3/17
  5004 | D:5      | Found a runed translucent door.
  5005 | D:5      | Noticed Crazy Yiuf
  5016 | D:5      | Killed Crazy Yiuf
  5126 | D:5      | Found a staircase to the Ecumenical Temple.
  5135 | Temple   | Entered the Ecumenical Temple
  5171 | Temple   | Became a worshipper of Vehumet
  5727 | D:6      | Found a sand-covered staircase.
  5754 | Ossuary  | Entered an ossuary
  6362 | Ossuary  | Reached * piety under Vehumet
  6362 | Ossuary  | Offered knowledge of Foxfire by Vehumet.
  6363 | Ossuary  | Reached XP level 9. HP: 44/52 MP: 18/18
  8009 | D:7      | Noticed Maggie
  8024 | D:7      | Killed Maggie
  8232 | D:7      | Noticed Joseph
  8345 | D:7      | Reached ** piety under Vehumet
  8345 | D:7      | Offered knowledge of Mercury Vapours by Vehumet.
  8357 | D:7      | Reached skill level 5 in Fighting
  8357 | D:7      | Reached skill level 5 in Armour
  8830 | D:7      | Killed Joseph
  9161 | D:8      | Reached XP level 10. HP: 59/59 MP: 19/19
  9215 | D:8      | Found a shimmering altar of Xom.
  9216 | D:8      | Found a hazy altar of Hepliaklqana.
  9216 | D:8      | Noticed a will-o-the-wisp
  9217 | D:8      | Noticed a will-o-the-wisp
  9856 | D:8      | Offered knowledge of Mephitic Cloud by Vehumet.
 10010 | D:8      | Got the Elucidation of Overhead Ice
 10442 | D:9      | Reached *** piety under Vehumet
 10715 | D:9      | Noticed an orange demon
 10840 | D:9      | Offered knowledge of Inner Flame by Vehumet.
 11188 | D:9      | Found a basalt altar of Yredelemnul.
 11270 | D:9      | Found an iron altar of Okawaru.
 11348 | D:9      | Found a staircase to the Lair.
 11546 | Lair:1   | Entered Level 1 of the Lair of Beasts
 11619 | Lair:1   | Noticed a cane toad
 11623 | Lair:1   | Noticed Jeremiah
 11626 | Lair:1   | Killed a cane toad
 11627 | Lair:1   | Reached skill level 1 in Fire Magic
 11633 | Lair:1   | Noticed a cane toad
 11637 | Lair:1   | Killed a cane toad
 11770 | Lair:1   | Killed Jeremiah
 11771 | Lair:1   | Reached skill level 10 in Air Magic
 11771 | Lair:1   | Reached XP level 11. HP: 54/66 MP: 20/20
 11819 | Lair:1   | Noticed an oklob plant
 11862 | Lair:1   | Killed an oklob plant
 11863 | Lair:1   | Reached skill level 10 in Dodging
 12170 | Lair:1   | You fall into a shaft and drop 1 floor!
 12170 | Lair:2   | Found a staircase to the Shoals.
 12204 | Lair:1   | HP: 2/66 [black mamba (13)]
 12205 | Lair:1   | Mangled by a black mamba

Illustrated notes

Levels and vault maps discovered:
D:1:      matt_arrival_refuge, layout_rooms, serial_aquarium,
          aquarium_bridge_long_separate [aquarium_subvault_window,
          aquarium_subvault_bridge, aquarium_subvault_bridge,
          aquarium_subvault_bridge, aquarium_subvault_bridge,
          aquarium_subvault_bridge], aquarium_window_1, aquarium_window_fake,
          aquarium_view_2c, aquarium_view_2a, aquarium_balcony_5b,
          aquarium_pool_corner
D:2:      layout_basic, ebering_ecumenical_altar_webs
D:3:      minmay_wonky_spiral, layout_rooms, cheibrodos_sewer_entry_bend,
          grunt_ministairs_14
D:4:      layout_basic, eat_drink_and_be_merry_uskayaw,
          kennysheep_decorative_pillar, hangedman_decor_riveting
D:5:      layout_cave_pods, cheibrodos_ashenzari_chains,
          minmay_temple_entry_steel_oval, serial_shops, shop,
          gammafunk_ghost_smash, uniq_pikel, uniq_crazy_yiuf_cottage
D:6:      layout_loops_corners, nicolae_ossuary_entry_monument
D:7:      layout_basic, st_stairs_11, ebering_dispersal_statue_hall,
          minmay_strange_pillars, uniq_joseph, uniq_maggie
D:8:      layout_loops_cross, regret_index_temple_of_mockery,
          minmay_mini_ossuary
D:9:      layout_cave_pools, yredelemnul_forgotten_temple_becter,
          okawaru_humans, hellmonk_lair_entry_icy
Temple:   regret_index_temple_generic_petals
Lair:1:   minmay_lair_oklob_chamber, layout_regular_city,
          hellmonk_ghost_happy_afterlife, hangedman_lair_unloving_vines,
          serial_bayou_shore_a, uniq_jeremiah
Lair:2:   layout_concentric_octagons, minmay_shoals_entry_centaurs,
          hellmonk_spider_entry_not_the_bees, ebering_ghost_rock_garden,
          uniq_urug

Skill      XL: |  1  2  3  4  5  6  7  8  9 10 11 |
---------------+----------------------------------+-----
Conjurations   | 2 3 4 |  4.0
Spellcasting   | 4 5 |  5.0
Air Magic      | 4 5 6 7 8 10 | 10.0
Fighting       | 1 3 4 5 6 |  6.8
Dodging        | 3 5 6 8 9 10 | 10.2
Armour         | 1 3 4 5 6 |  6.8
Fire Magic     | 1 2 |  2.7
Stealth        | |  2.4

Action                     |  1- 3 |  4- 6 |  7- 9 | 10-12 || total
---------------------------+-------+-------+-------+-------++-------
  Melee: Staff             |     8 |       |    26 |       ||    34
         Punch             |     1 |       |       |       ||     1
         Unarmed           |       |       |     1 |       ||     1
   Cast: Shock             |    61 |   150 |   361 |   223 ||   795
         Airstrike         |       |       |    13 |    56 ||    69
         Swiftness         |       |       |     2 |       ||     2
  Evoke: Wand              |       |       |     5 |       ||     5
    Use: Scroll            |     5 |     5 |       |       ||    10
         Potion            |       |     1 |     1 |     2 ||     4
 Armour: Robe              |    18 |     6 |    94 |       ||   118
         Steam dragon scal |       |       |    29 |    34 ||    63
         Skin              |       |       |     2 |       ||     2
         Troll leather arm |       |       |       |    21 ||    21
  Dodge: Dodged            |    17 |    16 |   120 |    81 ||   234
  Block: Other             |       |       |       |     7 ||     7
         Reflection        |       |       |       |     2 ||     2

Table legend: (Time is in decaauts)
 A = Elapsed time spent in this place.
 B = Non-inter-level travel time spent in this place.
 C = Inter-level travel time spent in this place.
 D = Time resting spent in this place.
 E = Time spent auto-exploring this place.
 F = Levels seen in this place.
 G = Mean time per level.
                   A        B        C        D        E       F      G
               +--------+--------+--------+--------+--------+-----+--------+
         Total |  12371 |  11572 |    799 |    410 |   9443 |  14 |  883.6 |
       Dungeon |   9669 |   8945 |    724 |    342 |   7383 |   9 | 1074.3 |
        Temple |     72 |      2 |     70 |      0 |      0 |   1 |   72.0 |
          Lair |    542 |    537 |      5 |     68 |    353 |   2 |  271.0 |
         Sewer |   1177 |   1177 |      0 |      0 |   1024 |   1 | 1177.0 |
       Ossuary |    909 |    909 |      0 |      0 |    683 |   1 |  909.0 |
               +--------+--------+--------+--------+--------+-----+--------+

Top non-repeatable levels by time:
     D:7: 1559 daAuts
     D:8: 1427 daAuts
     D:5: 1389 daAuts
   Sewer: 1177 daAuts
     D:9: 1141 daAuts
     D:6: 1102 daAuts
     D:4: 1093 daAuts
 Ossuary: 909 daAuts
     D:1: 692 daAuts
     D:2: 662 daAuts
     D:3: 599 daAuts
  Lair:1: 518 daAuts
  Temple: 72 daAuts
  Lair:2: 23 daAuts
